 Dungeon Crawl Stone Soup version 0.32-a0-913-g739538afd8 (webtiles) character file.

Game seed: 4120091397701475703

4 McSplat the Sneak (level 1, 0/13 HPs)
             Began as a Vampire Enchanter on Apr 8, 2024.
             Slain by an endoplasm (3 damage)
             ... on level 1 of the Dungeon.
             The game lasted 00:00:49 (89 turns).

McSplat the Sneak (Vampire Enchanter)                 Turns: 89, Time: 00:00:50

Health: 0/13       AC:  2    Str:  7    XL:     1   Next: 50%
Magic:  3/3        EV: 11    Int: 17    God:
Gold:   0          SH:  0    Dex: 14    Spells: 4/4 levels left

rFire   . . .        a - +1 dagger
rCold   . . .        (no shield)
rNeg    . . .        b - +0 robe
rPois   .            (no helmet)
rElec   .            (no cloak)
rCorr   .            (no gloves)
SInv    +            (no boots)
Will    .....        (no amulet)
Stlth   +++          (no ring)
HPRegen 0.42/turn    (no ring)
MPRegen 0.08/turn

%: no passive effects
@: healing quickly
A: alive, fangs 3, see invisible, vampiric 1
a: Exsanguinate


You were on level 1 of the Dungeon.
You visited 1 branch of the dungeon, and saw 1 of its levels.

Inventory:

Hand Weapons
 a - a +1 dagger (weapon)
Armour
 b - a +0 robe (worn)
Scrolls
 d - a scroll of enchant armour {unknown}
Potions
 c - 2 potions of invisibility
 e - a potion of attraction {unknown}


   Skills:
 - Level 1.1 Short Blades
 + Level 2.3 Dodging
 + Level 4.6 Stealth
 - Level 2.0 Spellcasting
 + Level 4.5 Hexes


You had 4 spell levels left.
You didn't know any spells.
Your spell library contained the following spells:

 Spells                   Type           Power      Damage    Failure   Level
 Confusing Touch          Hex            17%        N/A       9%          3
 Tukima's Dance           Hex            17%        N/A       9%          3
 Ensorcelled Hibernation  Hex/Ice        18%        N/A       12%         2
 Dazzling Flash           Conj/Hex       18%        N/A       22%         3


Dungeon Overview and Level Annotations

Branches:
Dungeon (1/15)

Altars:


Innate Abilities, Weirdness & Mutations

Your natural rate of healing is accelerated.
You have razor-sharp teeth.
You have supernaturally acute eyesight. (SInv)
You are afflicted with vampirism.


Message History

No target in view!
HP restored.
You see here a +0 sling.
d - a scroll labelled VEAFUU OMAJISI
Found a short sword.
A rat comes into view.
A rat is nearby!
The rat squeaks loudly.
The rat bites you.
You hit the rat.
You kill the rat!
No target in view!
No target in view!
e - a yellow potion
Found 3 stones.
An endoplasm comes into view.
Found a scroll labelled WOTAIS YLEOSY.
A ball python comes into view.
The ball python hisses angrily.
You barely miss the endoplasm. The endoplasm freezes you.
You are frozen.
You are too injured to fight recklessly!
You are too injured to fight recklessly!
You are too injured to fight recklessly!
You don't know any spells.
Unknown command.
You hit the endoplasm.
The endoplasm is heavily wounded.
The endoplasm freezes you.
You are frozen.
You barely miss the endoplasm.
The endoplasm is heavily wounded.
The endoplasm freezes you.
You are frozen.
* * * LOW HITPOINT WARNING * * *
You hit the endoplasm.
The endoplasm is severely wounded.
The endoplasm hits you.
You die...

#.#.. #.###...#.##...#
##.#.. #...........†...
........).......#.#.....
#....#.#####.....#..#..
..#.# ........###.....
.... ####............
#.S #.....##..##. #J##
#......#..# . #@##
#......#..# ♣# #..#
#...####..
#.ß!#.###....(....#
♣#.#........#####..
#.##..###.### ⌠.# #..#
#....# #.# #.?.# ####.#
#.# #.#..# .. .# #.ß.#.#
##


You could see an endoplasm and a ball python.

Vanquished Creatures
  An endoplasm (D:1)
  A giant cockroach (D:1)
  A frilled lizard (D:1)
  A rat (D:1)
4 creatures vanquished.

Notes
Turn   | Place    | Note
-------+----------+-------------------------------------------
     0 | D:1      | McSplat the Vampire Enchanter began the quest for the Orb.
     0 | D:1      | Reached XP level 1. HP: 13/13 MP: 3/3
    89 | D:1      | Slain by an endoplasm

Illustrated notes

Levels and vault maps discovered:
D:1:      tarquinn_simple_flora_water_d, layout_basic, grunt_decor_mini_mirrors

Action                     || total
---------------------------++-------
  Melee: Dagger            ||    16
         Bite              ||     1
   Stab: Sleeping          ||     2
 Armour: Robe              ||     7
  Dodge: Dodged            ||     3

Table legend: (Time is in decaauts)
 A = Elapsed time spent in this place.
 B = Non-inter-level travel time spent in this place.
 C = Inter-level travel time spent in this place.
 D = Time resting spent in this place.
 E = Time spent auto-exploring this place.
 F = Levels seen in this place.
 G = Mean time per level.
                   A        B        C        D        E       F      G
               +--------+--------+--------+--------+--------+-----+--------+
         Total |     88 |     88 |      0 |      0 |     49 |   1 |   88.0 |
       Dungeon |     88 |     88 |      0 |      0 |     49 |   1 |   88.0 |
               +--------+--------+--------+--------+--------+-----+--------+

Top non-repeatable levels by time:
     D:1: 88 daAuts
